 Dungeon Crawl Stone Soup version 0.29-a0-315-gaf6dd05e2f (webtiles) character file.

Game seed: 12281576409880016647

5 mopl the Twirler (level 1, -2/17 HPs)
             Began as a Palentonga Gladiator on Mar 29, 2022.
             Slain by a gnoll
             ... wielding a +0 flail
              (6 damage)
             ... on level 2 of the Dungeon.
             The game lasted 00:00:17 (92 turns).

mopl the Twirler (Palentonga Gladiator)               Turns: 92, Time: 00:00:18

Health: -2/17      AC:  5    Str: 17    XL:     1   Next: 66%
Magic:  1/1        EV:  9    Int:  8    God:
Gold:   0          SH:  0    Dex: 11    Spells: 0/0 levels left

rFire   . . .      SeeInvis +   a - +0 quarterstaff
rCold   . . .      Faith    .   (shield currently unavailable)
rNeg    . . .      Spirit   .   b - +0 leather armour
rPois   .          Reflect  .   c - +0 helmet
rElec   .          Harm     .   (no cloak)
rCorr   .          Rampage  .   (no gloves)
Will    .....                   (no barding)
Stlth   +.........              (no amulet)
HPRegen 0.05/turn               (no ring)
MPRegen 0.07/turn               (no ring)

@: no status effects
A: large, rugged brown scales 3, see invisible, deformed body, roll 1, armoured
tail
a: Rolling Charge


You were on level 2 of the Dungeon.
You visited 1 branch of the dungeon, and saw 2 of its levels.

Inventory:

Hand Weapons
 a - a +0 quarterstaff (weapon)
Missiles
 d - 3 throwing nets (quivered)
 e - a javelin
Armour
 b - a +0 leather armour (worn)
 c - a +0 helmet (worn)
Potions
 f - a potion of degeneration {unknown}


   Skills:
 + Level 2.1 Fighting
 * Level 3.1 Staves
 + Level 1.4 Throwing
 + Level 0.1 Armour
 + Level 2.4 Dodging


You couldn't memorise any spells.
You didn't know any spells.
Your spell library was empty.

Dungeon Overview and Level Annotations

Branches:
Dungeon (1/15)

Altars:


Innate Abilities, Weirdness & Mutations

You are completely covered in rugged brown scales. (AC +3, +7% HP)
You have supernaturally acute eyesight. (SInv)
Armour fits poorly on your strangely shaped body.
You can roll at nearby foes to attack.
You have a long armoured tail.


Message History

The jackal barely misses you.
The jackal bites you but does no damage.
You hit the jackal. You tail-slap the jackal.
You kill the jackal!
The jackal bites you but does no damage.
You completely miss the jackal.
The jackal bites you but does no damage. x2
A hobgoblin comes into view.
The jackal bites you. x2
The hobgoblin shouts!
You sock the jackal!
You kill the jackal!
The jackal barely misses you.
You hit the jackal.
The jackal is moderately wounded.
The jackal bites you but does no damage.
The jackal misses you.
You sock the jackal!
You kill the jackal!
You completely miss the worm.
Your tail-slap misses the worm.
The worm bites you!
Ouch! That really hurt!
* * * LOW HITPOINT WARNING * * *
You are too injured to fight recklessly!
You are too injured to fight recklessly!
Unknown command.
The hobgoblin attacks as you move away!
The hobgoblin hits you but does no damage.
The hobgoblin attacks as you move away! The hobgoblin barely misses you.
A gnoll comes into view. It is wielding a +0 flail.
An endoplasm and 2 gnolls come into view.
The endoplasm quivers.
The gnoll shouts! x2
A gnoll comes into view. It is wielding a +0 whip.
The gnoll shouts!
The endoplasm hits you but does no damage.
The endoplasm attacks as you move away! The endoplasm barely misses you.
The goblin shouts!
The gnoll attacks as you move away! The gnoll hits you with a +0 flail.
You die...

......# ......#.#
......#.#
##.g.....#
####..g....##
#............
#.#..Jg......
#.#.#g......# ####
####.#.#@#...#.#
....# ##....#.#.#
#.# .>.!.#
#..##.#.#.# #
...... #w###.#.#.#
......##.#...#.#..
.......w.#.#.#....
...........#.....g
...................
........###.######


You could see 4 gnolls, an endoplasm and a goblin.

Vanquished Creatures
  An endoplasm (D:2)
  3 jackals (D:2)
4 creatures vanquished.

Notes
Turn   | Place    | Note
-------+----------+-------------------------------------------
     0 | D:1      | mopl the Palentonga Gladiator began the quest for the Orb.
     0 | D:1      | Reached XP level 1. HP: 17/17 MP: 1/1
    64 | D:1      | You fall into a shaft and drop 1 floor!
    92 | D:2      | Slain by a gnoll

Illustrated notes

Levels and vault maps discovered:
D:1:      evilmike_arrival_rings, layout_basic, ebering_dispersal_statue_hall
D:2:      layout_rooms, nicolae_ecumenical_pavilion,
          minmay_misc_feat_more_columns

Action                   || total
-------------------------++-------
Melee: Quarterstaff      ||     8
       Tailslap          ||     1
Armor: Leather armour    ||     9
Dodge: Dodged            ||     5

Table legend: (Time is in decaauts)
 A = Elapsed time spent in this place.
 B = Non-inter-level travel time spent in this place.
 C = Inter-level travel time spent in this place.
 D = Time resting spent in this place.
 E = Time spent auto-exploring this place.
 F = Levels seen in this place.
 G = Mean time per level.
                   A        B        C        D        E       F      G
               +--------+--------+--------+--------+--------+-----+--------+
         Total |     93 |     93 |      0 |      0 |     62 |   2 |   46.5 |
       Dungeon |     93 |     93 |      0 |      0 |     62 |   2 |   46.5 |
               +--------+--------+--------+--------+--------+-----+--------+

Top non-repeatable levels by time:
     D:1: 64 daAuts
     D:2: 29 daAuts
